 Dungeon Crawl Stone Soup version 0.26-a0-1035-g76280ab330 (webtiles) character file.

Game seed: 12322711750874551083

5 Dracia the Sneak (level 1, -2/18 HPs)
             Began as a Merfolk Delver on Dec 10, 2020.
             Slain by an adder (4 damage)
             ... on level 4 of the Dungeon.
             The game lasted 00:00:49 (181 turns).

Dracia the Sneak (Merfolk Delver)                    Turns: 181, Time: 00:00:50

Health: -2/18      AC:  3    Str: 12    XL:     1   Next: 80%
Magic:  1/1        EV: 12    Int:  9    God:
Gold:   0          SH:  0    Dex: 15    Spells: 0/0 levels left

rFire    . . .     SeeInvis .   a - +0 spear
rCold    . . .     Faith    .   (no shield)
rNeg     . . .     Spirit   .   b - +0 leather armour
rPois    .         Reflect  .   (no helmet)
rElec    .         Harm     .   (no cloak)
rCorr    .         Rampage  .   (no gloves)
Will     .....                  (no boots)
Stlth    +++.......             (no amulet)
HPRegen  0.06/turn              (no ring)
MPRegen  0.07/turn              (no ring)

@: no status effects
A: change form in water, swift swim, stealthy swim
a: no special abilities


You were on level 4 of the Dungeon.
You visited 1 branch of the dungeon, and saw 2 of its levels.


   Skills:
 - Level 3.2 Fighting
 + Level 3.8 Polearms
 - Level 2.6 Dodging
 - Level 5.4 Stealth


You couldn't memorise any spells.
You didn't know any spells.
Your spell library was empty.

Inventory:

Hand Weapons
 a - a +0 spear (weapon)
Armour
 b - a +0 leather armour (worn)
Wands
 g - a wand of digging (3)
Scrolls
 c - a scroll of fog
 d - a scroll of magic mapping
 e - a scroll of fear
Potions
 f - a potion of haste {@q3@q3}
 h - a potion of berserk rage {unknown}
 i - 2 potions of attraction {unknown}
 j - a potion of magic {unknown}

Dungeon Overview and Level Annotations

Branches:
Dungeon (5/15)
 Temple: D:4-7

Altars:
Hepliaklqana

#.........#
#.........#
#.........#
#.........##
#.........S####
#.......>.B>..#
#.........###.#
##.......####.##.##..
##...!.###@SO.......
#.##### #S####.###.
... #h# .# ... .h# ..
.h#. .. ##. . . #. .
.. ##


You could see an ogre, a hound, 2 adders and 2 jackals.


Message History

The adder barely misses you.
A jackal comes into view.
The adder bites you.
You hit the jackal.
The jackal is heavily wounded.
The jackal barks!
You hear a bark!
The jackal bites you but does no damage.
The adder completely misses you.
You barely miss the jackal.
The jackal is heavily wounded.
The jackal barely misses you.
A hound comes into view.
The adder bites you.
* * * LOW HITPOINT WARNING * * *
You hit the jackal.
You kill the jackal!
A jackal comes into view.
The jackal barks!
You hit the adder.
The adder is moderately wounded.
The adder bites you.
* * * LOW HITPOINT WARNING * * *
The adder completely misses you.
You barely miss the adder.
The adder is moderately wounded.
The adder closely misses you. The adder barely misses you.
You closely miss the adder.
The adder is moderately wounded.
The adder bites you.
You die...

Action                   || total
-------------------------++-------
Melee: Spear             ||    18
 Stab: Sleeping          ||     1
Armor: Leather armour    ||     3
Dodge: Dodged            ||    16

Levels and vault maps discovered:
D:4:      layout_rooms, nicolae_tso_besieged_by_evil, minmay_crystal_water,
          bloody_makhleb
D:5:      layout_rooms, gammafunk_temple_overflow_elements, basic_altar,
          serial_shops, kennysheep_mini_moat,
          eino_small_chamber_without_monster, minmay_hedge_maze

Notes
Turn   | Place    | Note
-------+----------+-------------------------------------------
     0 | D:5      | Dracia the Merfolk Delver began the quest for the Orb.
     0 | D:5      | Reached XP level 1. HP: 18/18 MP: 1/1
    68 | D:5      | Noticed a centaur
    85 | D:5      | Found a hazy altar of Hepliaklqana.
   158 | D:4      | Noticed an ogre
   177 | D:4      | Noticed a hound
   181 | D:4      | Slain by an adder

Vanquished Creatures
  An orc (D:5)
  A jackal (D:4)
  A quokka (D:5)
  A jackal zombie (D:5)
4 creatures vanquished.

Table legend: (Time is in decaauts)
 A = Elapsed time spent in this place.
 B = Non-inter-level travel time spent in this place.
 C = Inter-level travel time spent in this place.
 D = Time resting spent in this place.
 E = Time spent auto-exploring this place.
 F = Levels seen in this place.
 G = Mean time per level.
                   A        B        C        D        E       F      G
               +--------+--------+--------+--------+--------+-----+--------+
         Total |    179 |    179 |      0 |      0 |     76 |   2 |   89.5 |
       Dungeon |    179 |    179 |      0 |      0 |     76 |   2 |   89.5 |
               +--------+--------+--------+--------+--------+-----+--------+

Top non-repeatable levels by time:
     D:5: 156 daAuts
     D:4: 23 daAuts

Table legend:
 A = Non-vault XP
 B = Vault XP
 C = Vault XP percentage of total XP
 D = Non-vault monster count
 E = Vault monster count
 F = Vault count percentage of total count
                 A         B        C        D         E       F
            +---------+---------+-------+---------+---------+-------
      Total |       8 |       0 |   0.0 |       4 |       0 |   0.0
            +---------+---------+-------+---------+---------+-------
        D:4 |       2 |       0 |   0.0 |       1 |       0 |   0.0
        D:5 |       6 |       0 |   0.0 |       3 |       0 |   0.0
            +---------+---------+-------+---------+---------+-------
